AoeStats
← Davido

Golden Pit

508734749Analyzed
1v1 RM · 7d ago on Sep 23, 2026· 54m 36s· 2 players
Game mode
Random Map
Map size
Tiny (2 player)
Population
200
Speed
Normal
Resources
Standard
Victory
Conquest
Starting age
Dark Age
Ending age
Imperial Age
RankedLock teamsTeams togetherTeam positionsShared explorationLock speedFull tech treeHidden civsTurbo modeCheats
Victory
Defeat
🇺🇸 Magyars · United States
1224
+16
🇪🇸 Franks · Spain
1222
-16
kugat
6:48 Loom
9:22 Feudal Age
11:17 Scale Barding Armor
13:12 Forging
16:06 Wheelbarrow
16:27 Double-Bit Axe
20:36 Castle Age
19:05 Gold Mining
21:21 Husbandry
23:03 Chain Barding Armor
27:41 Fletching
27:51 Padded Archer Armor
28:27 Iron Casting
32:14 Hand Cart
31:54 Man-at-Arms
32:56 Crossbowman
33:48 Bodkin Arrow
39:07 Ballistics
44:01 Imperial Age
44:10 Cavalier
47:21 Blast Furnace
46:22 Scale Mail Armor
49:55 Paladin
51:14 Plate Barding Armor
53:14 Town Watch
Davido
10:22 Feudal Age
9:37 Loom
10:43 Horse Collar
10:49 Double-Bit Axe
22:29 Castle Age
22:23 Scale Mail Armor
23:02 Wheelbarrow
22:12 Town Watch
22:31 Pikeman
23:28 Chain Mail Armor
31:26 Hand Cart
40:51 Bow Saw
40:50 Heavy Plow
44:22 Imperial Age
41:32 Light Cavalry
42:23 Bloodlines
42:14 Husbandry
42:27 Scale Barding Armor
43:33 Chain Barding Armor
44:32 Hussar
45:07 Halberdier
53:11 Conscription
54:27 Plate Barding Armor
Connection lost

Rejoining the realm…

Still unreachable

The connection could not be restored.

Session expired

The server has moved on; the page needs a fresh start.